 Dungeon Crawl Stone Soup version 0.19.5 (webtiles) character file.

157678 tidbits the Fencer (level 16, 14/109 HPs)
             Began as a High Elf Wanderer on Aug 8, 2017.
             Was a High Priest of Okawaru.
             Quit the game on level 3 of the Shoals on Aug 9, 2017.
             The game lasted 03:44:38 (18966 turns).

tidbits the Fencer (High Elf Wanderer)             Turns: 18966, Time: 03:44:39

Health: 14/109     AC: 34    Str: 15    XL:     16   Next: 85%
Magic:  18/24      EV: 20    Int: 19    God:    Okawaru [*****.]
Gold:   1301       SH:  0    Dex: 16    Spells: 6 memorised, 11 levels left

rFire  . . .     SeeInvis .     a - +1 triple sword (flame)
rCold  . . .     Gourm    .     B - +3 pearl dragon scales
rNeg   + . .     Faith    .     (shield currently unavailable)
rPois  .         Spirit   .     E - +2 helmet
rElec  .         Reflect  .     C - +0 cloak
rCorr  .         Harm     .     G - +0 pair of gloves
MR     ++...                    F - +2 pair of boots {Stlth+}
Stlth  +++.......               R - amulet of regeneration
                                U - +3 ring of protection
                                H - ring of protection from magic

@: lethally poisoned (14 -> -83), heroism, finesse, drained
A: no striking features
a: Heroism, Finesse, Renounce Religion
}: 1/15 runes: gossamer


You were on level 3 of the Shoals.
You worshipped Okawaru.
Okawaru was extremely pleased with you.
You were not hungry.

You visited 5 branches of the dungeon, and saw 28 of its levels.
You also visited: Ice Cave.

You collected 3003 gold pieces.
You spent 1702 gold pieces at shops.

Inventory:

Hand Weapons
 a - a +1 triple sword of flaming (weapon)
   (You acquired it on level 4 of the Lair of Beasts)
 b - a +2 longbow of freezing
   (You took it off an orc priest on level 7 of the Dungeon)
 h - a +2 triple sword of holy wrath
   (Okawaru gifted it to you on level 6 of the Lair of Beasts)
Missiles
 d - 341 arrows
 m - 294 stones (quivered)
 n - 4 throwing nets {!f}
Armour
 B - +3 pearl dragon scales (worn)
   (You found it on level 2 of the Lair of Beasts)
 C - a +0 cloak (worn)
   (You found it on level 7 of the Dungeon)
 E - a +2 helmet (worn)
   (You took it off Robin on level 2 of the Dungeon)
 F - a +2 pair of boots of stealth (worn)
   (Okawaru gifted it to you in an ice cave)
 G - a +0 pair of gloves (worn)
   (You found it on level 1 of the Lair of Beasts)
Jewellery
 H - a ring of protection from magic (left hand)
   (You found it on level 4 of the Spider Nest)
 I - an uncursed ring of see invisible
   (You found it on level 6 of the Lair of Beasts)
 K - an uncursed ring of resist corrosion
   (You found it on level 10 of the Dungeon)
 L - an uncursed ring of protection from cold
   (You took it off a frost giant in an ice cave)
 P - an uncursed ring of poison resistance
   (You found it on level 10 of the Dungeon)
 R - an amulet of regeneration (around neck)
   (You found it on level 8 of the Dungeon)
 T - an uncursed ring of protection from fire
   (You found it in an ice cave)
 U - a +3 ring of protection (right hand)
   (You found it on level 6 of the Lair of Beasts)
Wands
 i - a wand of confusion (14/48)
   (You found it on level 2 of the Lair of Beasts)
 k - a wand of teleportation (5/9)
   (You found it on level 2 of the Lair of Beasts)
 o - a wand of paralysis (15/24)
   (You found it on level 3 of the Lair of Beasts)
 w - a wand of flame (35/48)
   (You found it on level 5 of the Lair of Beasts)
 S - a wand of iceblast (4/15)
   (You found it on level 4 of the Lair of Beasts)
 X - a wand of disintegration (7/24)
   (You bought it in a shop on level 2 of the Orcish Mines)
 Z - a wand of lightning (8/15)
   (You found it on level 11 of the Dungeon)
Scrolls
 c - 5 scrolls of recharging
 e - 2 scrolls of teleportation
 r - 16 scrolls of remove curse
 t - 7 scrolls of magic mapping
 N - 4 scrolls of blinking
 O - 2 scrolls of fog
 W - 4 scrolls of immolation
Potions
 f - a potion of resistance
 j - a potion of agility {unknown}
 l - 2 potions of might
 q - 3 potions of ambrosia
 v - 2 potions of magic
 z - 3 potions of cancellation
 M - a potion of flight {unknown}
 Q - a potion of brilliance {unknown}
 V - a potion of berserk rage
Comestibles
 g - 3 chunks of flesh
 A - 8 bread rations


   Skills:
 - Level 10.2(15.1) Fighting
 - Level 19.0(23.9) Long Blades
 - Level 15.0(19.9) Bows
   Level 1.0(5.9) Crossbows
 - Level 11.0(15.9) Armour
 - Level 13.0(17.9) Dodging
 - Level 2.1(7.1) Stealth
 + Level 4.9 Spellcasting
 + Level 5.0 Charms
 + Level 4.9 Necromancy
 - Level 3.7(3.6) Translocations
 - Level 2.3(2.2) Air Magic
 - Level 10.1(10.0) Invocations
 - Level 1.0(0.9) Evocations


You had 11 spell levels left.
You knew the following spells:

 Your Spells              Type           Power        Failure   Level  Hunger
a - Apportation           Tloc           ###.......   12%         1    None
b - Blink                 Tloc           N/A          14%         2    #......
m - Repel Missiles        Chrm/Air       ###...       14%         2    #......
n - Animate Skeleton      Necr           N/A          6%          1    None
r - Regeneration          Chrm/Necr      ###.......   17%         3    ##.....
N - Animate Dead          Necr           N/A          54%         4    ####...


Dungeon Overview and Level Annotations

Branches:
Dungeon (13/15)            Temple (0/1) D:7            Lair (6/6) D:11
 Shoals (3/4) Lair:2       Spider (4/4) Lair:4        Slime (0/5) Lair:5
    Orc (2/2) D:12            Elf (0/3) Orc:2
 Vaults: D:13-14

Altars:
Elyvilon
Kikubaaqudgha
Okawaru
Qazlal
Vehumet

Shops:
D:7 ?   Orc:2 *:}(*

Annotations:
D:3 p0werm0de's ghost, amateur HECK
D:6 Pikel; tidbits's ghost, novice HEWn
Shoals:2 Polyphemus
Spider:1 exclusion: obsidian statue


Message History

You are mesmerised by the siren!
Wield which item (- for none, * to show all)? (? for menu, Esc to quit)
Your +2 triple sword of holy wrath stops glowing.
Your +1 triple sword of flaming bursts into flame!
a - a +1 triple sword of flaming (weapon)
You feel sick. The sea snake bites you!
* * * LOW HITPOINT WARNING * * *
Unknown command.
As you read the scroll of teleportation, it crumbles to dust.
You feel strangely unstable.
You feel very sick. The sea snake bites you.
* * * LOW HITPOINT WARNING * * *
You are lethally poisoned!
The sea snake poisons you! The merfolk completely misses you.
The siren chants its luring song.
The sea snake closely misses you.
The satyr plays a frightful melody on his pipes!
The satyr radiates an aura of fear!
You resist with some effort.
You closely miss the sea snake.
* * * LOW HITPOINT WARNING * * *
You feel very sick. The sea snake misses you.
The merfolk hits you but does no damage.
The siren chants its luring song.
Unknown command.
You barely miss the sea snake.
* * * LOW HITPOINT WARNING * * *
You feel very sick.
The sea snake bites you but does no damage.
Unknown command.
You slice the sea snake!! You burn the sea snake!
The sea snake is severely wounded.
* * * LOW HITPOINT WARNING * * *
You feel sick.
The sea snake bites you but does no damage.
A merfolk comes into view. It is wielding a trident.
Unknown command.
You hit the sea snake. You burn the sea snake.
The sea snake is severely wounded.
* * * LOW HITPOINT WARNING * * *
You feel very sick.
The siren chants its luring song.
The sea snake closely misses you.
The merfolk hits you but does no damage.
You feel much better.
* * * LOW HITPOINT WARNING * * *
You feel very sick.
The sea snake bites you but does no damage.
The sea snake closely misses you. The merfolk closely misses you.
The sea snake bites you but does no damage.
Unknown command.
You miss the sea snake.
The sea snake is severely wounded.
* * * LOW HITPOINT WARNING * * *
You feel sick.
Unknown command.
You closely miss the sea snake.
The sea snake is severely wounded.
* * * LOW HITPOINT WARNING * * *
You feel sick.
The satyr shoots an arrow.
The arrow misses you.
The arrow hits the merfolk!!
You hear a splash.
The sea snake bites you!
* * * LOW HITPOINT WARNING * * *
You are more poisoned.
The sea snake poisons you!
The siren chants its luring song.
You slice the sea snake!! You burn the sea snake!
You kill the sea snake!
Okawaru accepts your kill.
* * * LOW HITPOINT WARNING * * *
You feel very sick. The merfolk misses you.
Unknown command.
You slice the sea snake!! You burn the sea snake.
The sea snake is heavily wounded.
* * * LOW HITPOINT WARNING * * *
You feel very sick.
Unknown command.
Your pearl dragon scales prevents you from hitting the sea snake.
The sea snake is heavily wounded.
Your surroundings suddenly seem different.
You break out of your daze!
* * * LOW HITPOINT WARNING * * *
You feel very sick.
A faun comes into view. It is wielding a quarterstaff.
The faun shouts!
The faun unwields an uncursed quarterstaff.
The faun wields a hunting sling.
The faun shoots a stone.
The stone hits you!
* * * LOW HITPOINT WARNING * * *
A satyr comes into view. It is wielding a spear.
The satyr plays a rousing melody on his pipes!
The fauns go into a battle-frenzy!
Found a stone, 11 arrows, a meat ration and 16 bolts.
Found three stone staircases leading down.
A water elemental and 2 fauns come into view.
Unknown command.
Okay, then.
Are you sure you want to abandon this character and quit the game? (Confirm with "yes".)

≈≈≈≈≈.≈≈≈≈
≈≈≈≈≈≈≈≈≈
≈≈≈≈c≈≈≈≈
≈c≈c.≈≈≈≈
#...%>..# .
#(>..≈..## ...
.....≈...#...>.
≈≈≈E..≈@.....≈≈
..c≈...###.....
...≈.#. ...
≈≈≈. .. ≈ ≈≈≈
... ≈≈ .(.≈ ≈
..≈≈. ≈≈≈≈≈≈


You could see a satyr, 3 fauns and a water elemental.

Vanquished Creatures
  Arachne (Spider:3)
  Frances (Shoals:2)
  3 ghost moths (Spider:4)
  2 orc warlords (Orc:1)
  6 emperor scorpions
  A frost giant (IceCv)
  A stone giant (Orc:1)
  3 entropy weavers
  A dire elephant (Lair:6)
  3 spark wasps
  2 merfolk impalers
  4 ogre magi (Orc:2)
  4 hydras
  2 catoblepae (Lair:6)
  2 merfolk avatars
  A satyr (Shoals:1)
  2 merfolk aquamancers
  2 death yaks (IceCv)
  4 skeletal warriors (D:13)
  An unseen horror (D:12)
  3 sea snakes
  2 orc knights (Orc:2)
  A harpy (Lair:6)
  14 orb spiders
  19 wolf spiders
  2 ugly things (D:11)
  3 orc sorcerers (Orc:2)
  2 cyclopes
  3 manticores
  3 moths of wrath
  4 elephants
  9 fauns
  The ghost of tidbits the Slasher, a novice HEWn (D:8)
  2 sirens (Shoals:1)
  3 black mambas
  A water nymph (Shoals:1)
  An ice statue (IceCv)
  A torpor snail (Spider:2)
  A centaur skeleton (D:12)
  8 komodo dragons
  17 spiny frogs
  3 rime drakes (Lair:6)
  10 demonic crawlers
  7 hornets
  A troll (Orc:2)
  A meliai (D:12)
  A queen bee (Spider:2)
  15 two-headed ogres
  36 jumping spiders
  8 merfolk
  2 wind drakes (Lair:6)
  21 polar bears
  3 slime creatures
  Prince Ribbit (D:9)
  8 blink frogs
  A raiju (Lair:6)
  3 snapping turtles (Shoals:2)
  4 dream sheep (Shoals:2)
  6 hippogriffs
  45 redbacks
  23 tarantellas
  A shadow (D:13)
  55 yaks
  A wraith (D:10)
  3 wyverns
  4 water elementals
  A fire elemental (Lair:6)
  3 fire bats (Lair:6)
  Grum (D:9)
  3 basilisks
  Edmund (D:6)
  7 wargs
  3 hungry ghosts
  13 water moccasins
  7 porcupines
  A slave (D:6)
  26 orc warriors
  A sky beast (D:13)
  10 ice beasts
  2 black bears (D:8)
  32 ogres
  3 phantoms
  28 wolves
  8 centaurs
  22 crocodiles
  14 bullfrogs
  5 scorpions
  A water moccasin skeleton (D:3)
  12 killer bees
  2 vampire bats (D:3)
  14 wights
  3 howler monkeys (D:7)
  A lava snake (Lair:6)
  4 crimson imps
  A bullfrog zombie (D:7)
  5 hounds
  6 jellies
  3 bullfrog skeletons
  A gnoll shaman (D:10)
  14 orc priests
  16 orc wizards
  3 iguanas
  8 worker ants
  A killer bee zombie (D:9)
  A hound zombie (D:10)
  A hound skeleton (D:5)
  A howler monkey zombie (D:8)
  3 worker ant zombies
  Robin (D:2)
  6 gnolls
  A howler monkey skeleton (D:11)
  6 adders
  3 shadow imps
  An ooze (D:5)
  An adder zombie (D:8)
  An adder skeleton (D:8)
  7 worms
  4 dart slugs
  7 leopard geckos
  71 orcs
  3 bat skeletons (D:3)
  3 bat zombies (D:3)
  9 giant cockroaches
  20 goblins
  9 hobgoblins
  13 jackals
  2 kobolds
  3 quokkas
  3 ball pythons
  5 bats
  3 frilled lizards
  A jackal skeleton (D:6)
  A jackal zombie (D:6)
  8 rats
893 creatures vanquished.

Vanquished Creatures (collateral kills)
  A sea snake (Shoals:2)
  A faun (Shoals:2)
  A siren (Shoals:1)
  4 merfolk
  A water elemental (Shoals:2)
8 creatures vanquished.

Vanquished Creatures (others)
  Asterion (Spider:1)
  A komodo dragon (Lair:6)
  A jumping spider (Spider:4)
  A water elemental (Shoals:1)
  3 orcs (D:7)
  7 fungi
  6 plants (Lair:6)
20 creatures vanquished.

Grand Total: 921 creatures vanquished

Notes
Turn   | Place    | Note
-------+----------+-------------------------------------------
     0 | D:1      | tidbits the High Elf Wanderer began the quest for the Orb.
     0 | D:1      | tidbits set off with: a +2 hand crossbow, 27 bolts, a +0 shortbow, 25 arrows, a scroll of teleportation, a +0 robe, a +0 dagger, a bread ration
     0 | D:1      | Reached XP level 1. HP: 17/17 MP: 2/2
    38 | D:1      | Reached skill level 1 in Bows
    73 | D:1      | Reached skill level 2 in Bows
   135 | D:1      | Reached XP level 2. HP: 15/22 MP: 3/3
   253 | D:2      | Reached skill level 3 in Bows
   294 | D:2      | Reached XP level 3. HP: 25/27 MP: 4/4
   300 | D:2      | Noticed Robin
   350 | D:2      | Reached skill level 4 in Bows
   549 | D:2      | Found a radiant altar of Vehumet.
   612 | D:2      | Reached skill level 5 in Bows
   612 | D:2      | Reached XP level 4. HP: 15/33 MP: 5/5
   848 | D:2      | Killed Robin
   966 | D:2      | Reached skill level 6 in Bows
  1142 | D:3      | Found a stormy altar of Qazlal.
  1252 | D:4      | Reached XP level 5. HP: 29/37 MP: 6/6
  1400 | D:4      | Noticed an ogre
  1571 | D:3      | Found an ancient bone altar of Kikubaaqudgha.
  1590 | D:3      | Reached skill level 7 in Bows
  1595 | D:3      | Reached XP level 6. HP: 36/43 MP: 7/7
  1694 | D:3      | Reached skill level 8 in Bows
  1763 | D:3      | Noticed p0werm0de's ghost (amateur HECK)
  2004 | D:4      | Reached skill level 9 in Bows
  2218 | D:5      | Entered Level 5 of the Dungeon
  2218 | D:5      | Found an iron altar of Okawaru.
  2228 | D:5      | Became a worshipper of Warmaster Okawaru
  2296 | D:5      | Reached skill level 3 in Dodging
  2296 | D:5      | Reached XP level 7. HP: 47/48 MP: 8/8
  2403 | D:5      | Found a white marble altar of Elyvilon.
  2437 | D:5      | Reached skill level 1 in Long Blades
  2482 | D:5      | Reached skill level 2 in Long Blades
  2487 | D:5      | HP: 4/48 [orc wizard/puff of flame (5)]
  2618 | D:5      | Found a stormy altar of Qazlal.
  2722 | D:6      | Noticed Edmund
  2786 | D:5      | Reached skill level 3 in Long Blades
  3041 | D:6      | Killed Edmund
  3041 | D:6      | Reached skill level 5 in Long Blades
  3128 | D:6      | Got an ichor-stained leather armour
  3139 | D:6      | Identified the +1 leather armour of the Special Beggars {rC++ MP+9 Dex+4} (You found it on level 6 of the Dungeon)
  3165 | D:6      | Reached * piety under Okawaru
  3249 | D:6      | Noticed tidbits's ghost (novice HEWn)
  3258 | D:6      | Noticed Pikel
  3393 | D:6      | Reached skill level 2 in Invocations
  3393 | D:6      | Reached XP level 8. HP: 51/54 MP: 10/10
  3421 | D:6      | Reached skill level 6 in Long Blades
  3721 | D:7      | Reached skill level 7 in Long Blades
  3756 | D:7      | Reached skill level 3 in Invocations
  3851 | D:8      | Noticed a two-headed ogre
  3904 | D:7      | Reached skill level 4 in Invocations
  3923 | D:7      | Reached skill level 8 in Long Blades
  3954 | D:7      | Reached ** piety under Okawaru
  3986 | D:7      | Reached skill level 5 in Invocations
  4082 | D:7      | Reached XP level 9. HP: 20/58 MP: 14/14
  4191 | D:7      | Found a staircase to the Ecumenical Temple.
  4226 | D:7      | Found Ytaikhloe's Magic Scroll Boutique.
  4231 | D:7      | Bought a scroll of blinking for 82 gold pieces
  4231 | D:7      | Bought a scroll of identify for 22 gold pieces
  4231 | D:7      | Bought a scroll of identify for 22 gold pieces
  4231 | D:7      | Bought a scroll of magic mapping for 38 gold pieces
  4257 | D:7      | Reached skill level 9 in Long Blades
  4563 | D:8      | Reached skill level 6 in Invocations
  4725 | D:9      | Noticed Grum
  4761 | D:9      | Killed Grum
  4761 | D:9      | Reached skill level 10 in Long Blades
  4761 | D:9      | Reached skill level 4 in Dodging
  4818 | D:9      | Reached *** piety under Okawaru
  4871 | D:9      | Found a large runed door.
  4912 | D:9      | Reached skill level 5 in Fighting
  4979 | D:9      | Noticed a naga warrior
  4980 | D:9      | Found a large runed door.
  5055 | D:9      | Noticed a centaur warrior
  5058 | D:9      | Found an iron altar of Okawaru.
  5058 | D:9      | Found an iron altar of Okawaru.
  5083 | D:9      | Noticed Prince Ribbit
  5096 | D:9      | HP: 2/61 [Prince Ribbit (12)]
  5105 | D:9      | Killed Prince Ribbit
  5290 | D:10     | Entered Level 10 of the Dungeon
  5495 | D:10     | Reached skill level 5 in Dodging
  5495 | D:10     | Reached XP level 10. HP: 58/66 MP: 16/16
  5524 | D:10     | Reached skill level 11 in Long Blades
  5527 | D:10     | Reached skill level 7 in Invocations
  6087 | D:9      | Reached **** piety under Okawaru
  6537 | D:8      | Noticed tidbits's ghost (novice HEWn)
  6568 | D:8      | Reached skill level 6 in Fighting
  6671 | D:7      | Bought a scroll of brand weapon for 220 gold pieces
  6733 | D:7      | Bought a scroll of brand weapon for 220 gold pieces
  6967 | D:8      | Killed tidbits's ghost
  7141 | D:11     | Noticed a green ugly thing
  7148 | D:11     | Reached skill level 10 in Bows
  7154 | D:11     | Killed a green ugly thing
  7168 | D:11     | Noticed a red ugly thing
  7194 | D:11     | Killed a red ugly thing
  7194 | D:11     | Reached skill level 11 in Bows
  7372 | D:11     | Noticed a cyclops
  7393 | D:11     | Killed a cyclops
  7393 | D:11     | Reached ***** piety under Okawaru
  7393 | D:11     | Reached skill level 12 in Bows
  7598 | D:11     | Found a staircase to the Lair.
  7668 | Lair:1   | Entered Level 1 of the Lair of Beasts
  7716 | Lair:1   | Reached XP level 11. HP: 68/72 MP: 17/17
  7864 | Lair:1   | Reached skill level 13 in Bows
  8109 | Lair:2   | Received a gift from Okawaru
  8166 | Lair:2   | Reached skill level 1 in Armour
  8270 | Lair:1   | Reached skill level 2 in Armour
  8363 | Lair:1   | Reached skill level 3 in Armour
  8537 | Lair:2   | Reached skill level 4 in Armour
  8634 | Lair:2   | Found a staircase to the Shoals.
  8691 | Lair:3   | Reached skill level 5 in Armour
  8739 | Lair:3   | Reached skill level 6 in Armour
  8767 | Lair:3   | Found a frozen archway.
  8801 | Lair:3   | Received a gift from Okawaru
  8834 | IceCv    | Entered an ice cave
  8858 | IceCv    | Reached skill level 6 in Dodging
  8934 | IceCv    | Reached skill level 7 in Dodging
  9050 | IceCv    | Received a gift from Okawaru
  9059 | IceCv    | Reached XP level 12. HP: 75/79 MP: 16/18
  9114 | IceCv    | Reached skill level 12 in Long Blades
  9160 | IceCv    | Reached skill level 14 in Bows
  9328 | IceCv    | Noticed a death yak
  9384 | IceCv    | Killed a death yak
  9384 | IceCv    | Received a gift from Okawaru
  9395 | IceCv    | Reached skill level 8 in Invocations
  9450 | IceCv    | Noticed a frost giant
  9450 | IceCv    | Noticed a death yak
  9598 | IceCv    | Killed a death yak
  9613 | IceCv    | Killed a frost giant
  9613 | IceCv    | Reached skill level 13 in Long Blades
  9613 | IceCv    | Reached skill level 15 in Bows
  9633 | IceCv    | Identified the Catalogue of Ice
  9754 | Lair:3   | Reached skill level 8 in Dodging
  9773 | Lair:3   | Reached skill level 9 in Invocations
  9847 | Lair:2   | Got a heavily runed shield
  9912 | Lair:3   | Identified the +3 shield of Tiustios {+Blink Str+4 Int-2} (You found it on level 2 of the Lair of Beasts)
 10164 | Lair:4   | Identified a scroll of acquirement
 10317 | Lair:4   | Reached XP level 13. HP: 70/85 MP: 18/21
 10426 | Lair:4   | Reached skill level 7 in Fighting
 10427 | Lair:4   | Found a hole to the Spider Nest.
 10812 | Lair:5   | Reached skill level 9 in Dodging
 10851 | Lair:5   | Found a staircase to the Slime Pits.
 11048 | Lair:6   | Entered Level 6 of the Lair of Beasts
 11085 | Lair:6   | Received a gift from Okawaru
 11091 | Lair:6   | Got an ancient long sword {god gift}
 11092 | Lair:6   | Identified the +4 long sword "Hades" {distort, rElec Str+7 SInv Stlth-} (Okawaru gifted it to you on level 6 of the Lair of Beasts)
 11106 | Lair:6   | Noticed a dire elephant
 11165 | Lair:6   | HP: 7/88 [something (18)]
 11167 | Lair:6   | Reached skill level 10 in Invocations
 11246 | Lair:5   | Reached skill level 8 in Fighting
 11323 | Lair:6   | Reached skill level 14 in Long Blades
 11385 | Lair:6   | Reached skill level 7 in Armour
 11566 | Lair:6   | Reached skill level 8 in Armour
 11656 | Lair:6   | Received a gift from Okawaru
 11699 | Lair:6   | Killed a dire elephant
 11830 | Lair:6   | Learned a level 2 spell: Repel Missiles
 11841 | Lair:6   | Learned a level 2 spell: Blink
 11909 | Lair:6   | Reached skill level 10 in Dodging
 12018 | Lair:6   | Reached XP level 14. HP: 95/95 MP: 22/22
 12166 | Lair:6   | Received a gift from Okawaru
 12230 | Lair:6   | Reached skill level 11 in Dodging
 12620 | Lair:2   | Reached skill level 9 in Fighting
 12983 | D:13     | Reached skill level 15 in Long Blades
 13508 | D:12     | Found a staircase to the Orcish Mines.
 13518 | Orc:1    | Entered Level 1 of the Orcish Mines
 13529 | Orc:1    | Noticed an orc warlord
 13563 | Orc:1    | Killed an orc warlord
 13658 | Orc:1    | Noticed a stone giant
 13664 | Orc:1    | HP: 8/97 [stone giant (26)]
 13667 | Orc:1    | HP: 1/97 [stone giant (24)]
 13675 | Orc:1    | Killed a stone giant
 13675 | Orc:1    | Reached skill level 16 in Long Blades
 13677 | Orc:1    | Noticed an orc warlord
 14066 | Orc:1    | Killed an orc warlord
 14066 | Orc:1    | Received a gift from Okawaru
 14263 | Orc:2    | Entered Level 2 of the Orcish Mines
 14274 | Orc:2    | Reached skill level 1 in Translocations
 14290 | Orc:2    | Reached skill level 1 in Spellcasting
 14354 | Orc:2    | Found a staircase to the Elven Halls.
 14587 | Orc:1    | Reached skill level 2 in Translocations
 14592 | Orc:1    | Reached skill level 2 in Spellcasting
 14684 | Orc:2    | Reached skill level 1 in Air Magic
 14686 | Orc:2    | Reached skill level 1 in Charms
 14728 | Orc:2    | Reached skill level 2 in Air Magic
 14735 | Orc:2    | Reached skill level 3 in Spellcasting
 14737 | Orc:2    | Reached skill level 2 in Charms
 14745 | Orc:2    | Reached skill level 3 in Translocations
 14770 | Orc:2    | Received a gift from Okawaru
 14871 | Orc:2    | Found Nagehu's Assorted Antiques.
 14872 | Orc:2    | Received a gift from Okawaru
 14900 | Orc:2    | Bought a scroll labeled XAXULU KOUNIP for 26 gold pieces
 15006 | Orc:2    | Found Zuityseqo's Weapon Shop.
 15006 | Orc:2    | Found Ugikubeg's Book Emporium.
 15011 | Orc:2    | Found Etirusotz's Gadget Emporium.
 15011 | Orc:2    | Found Juzeno's General Store.
 15024 | Orc:2    | Bought a wand of disintegration (14/24) for 216 gold pieces
 15025 | Orc:2    | Bought a potion of cancellation for 96 gold pieces
 15025 | Orc:2    | Bought a potion of heal wounds for 60 gold pieces
 15026 | Orc:2    | Bought a book of Necromancy for 420 gold pieces
 15026 | Orc:2    | Bought a book of Cantrips for 280 gold pieces
 15028 | Orc:2    | Learned a level 1 spell: Apportation
 15030 | Orc:2    | Learned a level 1 spell: Animate Skeleton
 15034 | Orc:2    | Learned a level 3 spell: Regeneration
 15260 | D:11     | Reached XP level 15. HP: 102/102 MP: 23/23
 15297 | Lair:1   | Learned a level 4 spell: Animate Dead
 15365 | Spider:1 | Entered Level 1 of the Spider Nest
 15483 | Spider:1 | Received a gift from Okawaru
 15670 | Spider:1 | Reached skill level 17 in Long Blades
 15933 | Spider:2 | Got a pitted chain mail
 15944 | Spider:2 | Identified the +6 chain mail "Tiav" {rN+ Str-2 Int+4} (You found it on level 2 of the Spider Nest)
 15980 | Spider:2 | Received a gift from Okawaru
 16026 | Spider:2 | Reached skill level 18 in Long Blades
 16363 | Spider:2 | Reached skill level 19 in Long Blades
 16632 | Spider:3 | Reached skill level 10 in Fighting
 16683 | Spider:4 | Entered Level 4 of the Spider Nest
 16713 | Spider:4 | Noticed a ghost moth
 16728 | Spider:4 | Killed a ghost moth
 16806 | Spider:3 | Noticed Arachne
 16820 | Spider:3 | Killed Arachne
 16820 | Spider:3 | Reached skill level 12 in Dodging
 17065 | Spider:4 | Received a gift from Okawaru
 17084 | Spider:4 | Noticed a ghost moth
 17090 | Spider:4 | Killed a ghost moth
 17090 | Spider:4 | Reached XP level 16. HP: 109/109 MP: 0/24
 17125 | Spider:4 | Reached skill level 13 in Dodging
 17260 | Spider:4 | Reached skill level 9 in Armour
 17274 | Spider:4 | Received a gift from Okawaru
 17291 | Spider:4 | Received a gift from Okawaru
 17297 | Spider:4 | Reached skill level 10 in Armour
 17305 | Spider:4 | Got a gossamer rune of Zot
 17456 | Spider:4 | Received a gift from Okawaru
 17917 | Spider:1 | Reached skill level 11 in Armour
 17954 | Spider:1 | Reached skill level 1 in Necromancy
 17982 | Spider:1 | Noticed Asterion
 17996 | Spider:1 | Killed Asterion
 17998 | Spider:1 | Reached skill level 2 in Necromancy
 18106 | Shoals:1 | Entered Level 1 of the Shoals
 18174 | Shoals:1 | Received a gift from Okawaru
 18186 | Shoals:1 | Reached skill level 3 in Necromancy
 18198 | Shoals:1 | HP: 3/109 [faun/uncursed spear[a satyr] (70)]
 18227 | Shoals:1 | Received a gift from Okawaru
 18297 | Shoals:2 | Noticed Polyphemus
 18319 | Shoals:1 | Reached skill level 4 in Necromancy
 18472 | Shoals:1 | Reached skill level 3 in Charms
 18587 | Shoals:2 | Received a gift from Okawaru
 18683 | Shoals:2 | Noticed Frances
 18697 | Shoals:2 | Killed Frances
 18697 | Shoals:2 | Reached skill level 4 in Spellcasting
 18697 | Shoals:2 | Reached skill level 4 in Charms
 18830 | Shoals:2 | Received a gift from Okawaru
 18900 | Shoals:3 | Reached skill level 5 in Charms
 18966 | Shoals:3 | Quit the game

Skill      XL: |  1  2  3  4  5  6  7  8  9 10 11 12 13 14 15 16 |
---------------+-------------------------------------------------+-----
Bows           | 2 3 5 6 7 9 12 13 15 | 15.0
Dodging        | 3 5 7 8 10 11 12 13 | 13.0
Long Blades    | 5 8 10 11 13 14 16 19 | 19.0
Invocations    | 2 5 6 7 9 10 | 10.1
Fighting       | 5 6 8 9 10 | 10.2
Armour         | 6 8 11 | 11.0
Translocations | 3 |  3.7
Spellcasting   | 3 4 |  4.9
Air Magic      | 2 |  2.3
Charms         | 2 5 |  5.0
Necromancy     | 4 |  4.9
Crossbows      | |  1.0
Stealth        | |  2.1
Evocations     | |  1.0

Action                   |  1- 3 |  4- 6 |  7- 9 | 10-12 | 13-15 | 16-18 || total
-------------------------+-------+-------+-------+-------+-------+-------++-------
Melee: Dagger            |     7 |       |       |       |       |       ||     7
       Long sword        |       |       |   158 |       |     1 |       ||   159
       Falchion          |       |       |    10 |       |       |       ||    10
       Punch             |       |       |     2 |    12 |     2 |       ||    16
       Scimitar          |       |       |    91 |   291 |   191 |       ||   573
       Triple sword      |       |       |       |       |   681 |   273 ||   954
 Fire: Hand crossbow     |    61 |    17 |     5 |       |       |       ||    83
       Shortbow          |    34 |   206 |   267 |    68 |       |       ||   575
       Longbow           |       |       |       |   505 |   677 |   211 ||  1393
Throw: Stone             |       |     2 |     1 |       |     3 |       ||     6
 Cast: Apportation       |       |       |       |       |    16 |    22 ||    38
       Repel Missiles    |       |       |       |       |     1 |     1 ||     2
       Regeneration      |       |       |       |       |       |     6 ||     6
       Animate Skeleton  |       |       |       |       |       |     5 ||     5
Invok: Heroism           |       |       |    18 |    33 |    41 |    15 ||   107
       Finesse           |       |       |       |     2 |    16 |     8 ||    26
Evoke: Wand              |       |       |     4 |       |     5 |     2 ||    11
  Use: Scroll            |     1 |     4 |     5 |    15 |    13 |     4 ||    42
       Potion            |       |       |     7 |     1 |     9 |     4 ||    21
 Stab: Sleeping          |       |       |     2 |       |     4 |       ||     6
       Petrifying        |       |       |       |     1 |     2 |       ||     3
       Confused          |       |       |       |     1 |       |       ||     1
       Invisible         |       |       |       |       |     9 |    12 ||    21
       Petrified         |       |       |       |       |     9 |       ||     9
  Eat: Beef jerky        |       |     1 |     1 |     1 |       |     1 ||     4
       Chunk             |       |     3 |     6 |     5 |    14 |       ||    28
       Meat ration       |       |       |     1 |     3 |     1 |     1 ||     6
       Fruit             |       |       |     1 |     1 |     1 |       ||     3
       Pizza             |       |       |       |       |     1 |       ||     1
Armor: Scale mail        |    42 |   110 |    27 |       |       |       ||   179
       Leather armour    |       |       |    53 |    37 |       |       ||    90
       Pearl dragon scal |       |       |       |   158 |   503 |   154 ||   815
Dodge: Dodged            |    47 |   108 |   202 |   335 |   860 |   270 ||  1822
       Deflected         |       |       |       |       |     1 |    10 ||    11
       Rpst.: Long sword |       |       |    24 |       |       |       ||    24
       Falchion          |       |       |     3 |       |       |       ||     3
       Scimitar          |       |       |    16 |    51 |    26 |       ||    93
       Triple sword      |       |       |       |       |   140 |    44 ||   184

Table legend:
 A = Turns spent in this place as a percentage of turns spent in the entire game.
 B = Non-inter-level travel turns spent in this place as a percentage of non-inter-level travel turns spent in the entire game.
 C = Inter-level travel turns spent in this place as a percentage of turns spent in this place.
 D = Turns resting spent in this place as a percentage of non-inter-level travel turns spent in this place.
 E = Turns spent auto-exploring this place as a percentage of non-inter-level travel turns spent in this place.
 F = Non-inter-level travel turns spent in this place divided by the number of levels of this place that you've seen.
                   A       B       C       D       E      F
               +-------+-------+-------+-------+-------+----------------------
         Total | 100.0 | 100.0 |   0.2 |   0.0 |   0.0 | 594.2
       Dungeon |  43.4 |  43.4 |   0.3 |   0.0 |   0.0 | 574.6
          Lair |  23.9 |  23.9 |   0.1 |   0.0 |   0.0 | 685.5
        Shoals |   5.2 |   5.2 |   0.0 |   0.0 |   0.0 | 298.7
   Spider Nest |  15.2 |  15.2 |   0.0 |   0.0 |   0.0 | 656.8
  Orcish Mines |   7.7 |   7.7 |   0.1 |   0.0 |   0.0 | 664.0
      Ice Cave |   4.6 |   4.6 |   0.0 |   0.0 |   0.0 | 797.0
               +-------+-------+-------+-------+-------+----------------------

Table legend:
 A = Kills in this place as a percentage of kills in entire the game.
 B = Kills by you in this place as a percentage of kills by you in the entire game.
 C = Kills by friends in this place as a percentage of kills by friends in the entire game.
 D = Other kills in this place as a percentage of other kills in the entire game.
 E = Experience gained in this place as a percentage of experience gained in the entire game.
 F = Experience gained in this place divided by the number of levels of this place that you have seen.
                   A       B       C       D       E      F
               +-------+-------+-------+-------+-------+----------------------
         Total | 100.0 | 100.0 | 100.0 | 100.0 | 100.0 | 7127.0
       Dungeon |  34.8 |  35.2 |   0.0 |   0.0 |   9.5 | 1503.1
          Lair |  20.1 |  20.3 |   0.0 |   0.0 |  22.8 | 7864.5
        Shoals |   5.9 |   4.9 | 100.0 |  50.0 |  11.6 | 7997.3
   Spider Nest |  20.5 |  20.6 |   0.0 |  50.0 |  38.4 | 19849.8
  Orcish Mines |  12.7 |  12.9 |   0.0 |   0.0 |  11.0 | 11365.5
      Ice Cave |   6.0 |   6.1 |   0.0 |   0.0 |   6.7 | 13834.0
               +-------+-------+-------+-------+-------+----------------------

Vault maps used:
D:1:      lightli_arrival_flooded_house, minivault_27, hangedman_glass_teeth
D:2:      vehumet_crystals, uniq_robin
D:3:      grunt_qazlal_clouds, kennysheep_vampire_church, first_bread
D:5:      lemuel_round_altar, tso_oasis_becter, marbit_many_paths, serial_shops,
          kennysheep_mini, basic_altar, kennysheep_small_circle
D:6:      minmay_item_behind_shaft, minivault_24, uniq_edmund, uniq_pikel
D:7:      lemuel_temple_firewalk_b, serial_shops, shop, grunt_ministairs_9
D:8:      lemuel_zombie_altar_yredelemnul
D:9:      okawaru_arena_lexackson, uniq_prince_ribbit1, uniq_grum
D:11:     david_lair_generic
D:12:     david_orc_3
D:13:     serial_shops, shop, shop, blue_anna_alchemist
Lair:1:   serial_bayou_pond_c
Lair:2:   elwin_shoals_entry_rocks, st_stairs_8, minivault_26
Lair:3:   portal_ice_cave_entry_ice_beasts, serial_bayou_shore_b,
          grunt_megastairs_5
Lair:4:   spider_nest_entry_a
Lair:5:   minmay_slime_entry_pillars
Lair:6:   gammafunk_lair_ancient_temple
Shoals:1: nicolae_shoals_island_circles, uniq_louise
Shoals:2: uniq_frances, uniq_donald, uniq_kirke, uniq_polyphemus
Shoals:3: nicolae_shoals_so_close
Spider:1: spider_temple_joshua, nicolae_spider_webs_and_nodes, uniq_asterion
Spider:2: hive_lemuel
Spider:3: uniq_arachne
Spider:4: spider_rune_water, spider_trap
Orc:2:    st_orc_ogre_mass, serial_shops, shop
IceCv:    ice_cave_caverns_01
